 Dungeon Crawl Stone Soup version 0.20.0-10-g0535bb4 (webtiles) character file.

6120 anfisbena the Severer (level 10, -6/93 HPs)
             Began as a Hill Orc Fighter on June 3, 2017.
             Was a Believer of Uskayaw.
             Mangled by a two-headed ogre
             ... wielding a +0 giant club
              (14 damage)
             ... on level 8 of the Dungeon.
             The game lasted 00:10:06 (10231 turns).

anfisbena the Severer (Hill Orc Fighter)           Turns: 10231, Time: 00:10:07

Health: -6/93      AC:  9    Str: 18 (20) XL:     10   Next: 89%
Magic:  10/10      EV:  9    Int:  6      God:    Uskayaw [**....]
Gold:   553        SH:  9    Dex: 11      Spells: 9/9 levels left

rFire    . . .     SeeInvis +   a - +0 broad axe
rCold    . . .     Gourm    .   c - +0 shield
rNeg     . . .     Faith    .   b - +0 scale mail
rPois    .         Spirit   .   (helmet restricted)
rElec    .         Reflect  .   D - scarf {cloud immunity}
rCorr    .         Harm     .   h - +0 pair of gloves
MR       .....                  (no boots)
Stlth    +.........             (no amulet)
Regen    0.3/turn               o - ring of stealth
MPRegen  0.2/turn               (no ring)

@: no status effects
A: antennae 1, repulsion field 1, see invisible, clumsy 1, dopey 1, screaming 1,
evolution 1, no potion heal 1
a: Stomp, Line Pass, Renounce Religion


You were on level 8 of the Dungeon.
You worshipped Uskayaw.
Uskayaw was noncommittal.
You were not hungry.

You visited 2 branches of the dungeon, and saw 9 of its levels.

You collected 553 gold pieces.

Inventory:

Hand Weapons
 a - a +0 broad axe (weapon)
Armour
 b - a +0 scale mail (worn)
 c - a +0 shield (worn)
 h - a +0 pair of gloves (worn)
 D - a scarf of cloud immunity (worn)
Jewellery
 o - a ring of stealth (left hand)
 M - an uncursed ring of protection from magic {unknown}
Wands
 r - a wand of flame (34/48)
 B - a wand of iceblast (9/15)
 G - a wand of random effects (22/48)
 H - a wand of scattershot (5/9)
 L - a wand of acid (9/15)
Scrolls
 g - 4 scrolls of teleportation
 j - 2 scrolls of fog {unknown}
 l - 4 scrolls of remove curse
 m - 2 scrolls of blinking {unknown}
 n - 2 scrolls of enchant armour {unknown}
 s - a scroll of noise {unknown}
 t - 2 scrolls of magic mapping {unknown}
 u - 5 scrolls of random uselessness {unknown}
 x - 7 scrolls of identify {unknown}
 y - a scroll of recharging {unknown}
 z - a scroll of amnesia {unknown}
Potions
 d - a potion of might
 e - a potion of heal wounds
 i - a potion of flight
 k - a potion of agility {unknown}
 p - a potion of berserk rage {unknown}
 v - a potion of ambrosia
 w - 6 potions of curing
 A - a potion of mutation {unknown}
Books
 F - a book of Flames

   Spells                             Type                      Level
   a - Flame Tongue                   Conjuration/Fire             1
   b - Throw Flame                    Conjuration/Fire             2
   c - Conjure Flame                  Conjuration/Fire             3
   d - Inner Flame                    Hexes/Fire                   3
   e - Sticky Flame                   Conjuration/Fire             4
   f - Fireball                       Conjuration/Fire             5
 I - a book of Maledictions

   Spells                             Type                      Level
   a - Corona                         Hexes                        1
   b - Ensorcelled Hibernation        Hexes/Ice                    2
   c - Confuse                        Hexes                        3
   d - Tukima's Dance                 Hexes                        3
   e - Dazzling Spray                 Conjuration/Hexes            3
 J - a book of Clouds

   Spells                             Type                      Level
   a - Poisonous Vapours              Poison/Air                   2
   b - Mephitic Cloud                 Conjuration/Poison/Air       3
   c - Conjure Flame                  Conjuration/Fire             3
   d - Freezing Cloud                 Conjuration/Ice/Air          6
   e - Ring of Flames                 Charms/Fire                  7
Comestibles
 f - 4 bread rations
 q - 2 royal jellies
 C - 3 meat rations
 E - 3 fruits
 K - 6 chunks of flesh


   Skills:
 - Level 10.0 Fighting
 * Level 15.9 Axes
 + Level 7.0 Armour
 - Level 3.2 Shields


You had 9 spell levels left.
You didn't know any spells.

Dungeon Overview and Level Annotations

Branches:
Dungeon (8/15)             Temple (1/1) D:5
   Lair: D:8-11

Altars:
Ashenzari
Cheibriados
Dithmenos
Elyvilon
Fedhas
Gozag
Hepliaklqana
Kikubaaqudgha
Makhleb
Nemelex Xobeh
Okawaru
Qazlal
Ru
Sif Muna
Trog
Uskayaw
Vehumet
Xom
Yredelemnul
Zin
The Shining One


Innate Abilities, Weirdness & Mutations

You have a pair of small antennae on your head.
You are surrounded by a mild repulsion field. (EV +2)
You have supernaturally acute eyesight. (SInv)
You are clumsy. (Dex -2)
You are dopey. (Int -2)
You occasionally shout uncontrollably at your foes.
You evolve.
Potions are less effective at restoring your health.


Message History

You slash the two-headed ogre!
The two-headed ogre is heavily wounded.
The two-headed ogre hits you with a giant club!
The two-headed ogre hits you with a giant spiked club!!
* * * LOW HITPOINT WARNING * * *
You can now pass through a line of other dancers.
You slash the two-headed ogre!
The two-headed ogre is severely wounded.
You hit the two-headed ogre but do no damage.
The two-headed ogre is severely wounded.
The two-headed ogre hits you with a giant club!!
* * * LOW HITPOINT WARNING * * *
The two-headed ogre hits you with a giant spiked club.
* * * LOW HITPOINT WARNING * * *
Okay, then.
You slash the two-headed ogre!
The two-headed ogre is almost dead.
The two-headed ogre closely misses you.
The two-headed ogre hits you with a giant spiked club!
You die...

#........#
#####.....).#
#...........#
#......######
#....>.+
#.!....#
#......#
#......#
#.@....#
#.O....#
#......#
#......#
.........
#########.#
.#


You could see a two-headed ogre.

Vanquished Creatures
  A two-headed ogre (D:8)
  An ugly thing (D:6)
  The ghost of zhorgal the Caller, an amateur BaSu (D:4)
  A water moccasin (D:7)
  An orc warrior (D:7)
  5 ice beasts
  3 phantoms
  6 sky beasts
  13 ogres
  4 centaurs
  4 bullfrogs
  7 scorpions
  6 wights
  A howler monkey (D:6)
  A bullfrog zombie (D:5)
  3 crimson imps
  3 centaur zombies
  2 hounds
  2 orc wizards
  6 orc priests
  Crazy Yiuf (D:2)
  5 jellies
  An iguana (D:7)
  9 worker ants
  2 hound zombies (D:6)
  A howler monkey zombie (D:7)
  A worker ant zombie (D:8)
  10 adders
  3 gnolls (D:4)
  A shadow imp (D:7)
  2 adder skeletons
  7 worms
  A dart slug (D:2)
  6 leopard geckos
  22 orcs
  6 bats
  4 giant cockroaches
  11 goblins
  13 hobgoblins
  2 jackals (D:5)
  9 kobolds
  2 quokkas
  2 ball pythons
  8 frilled lizards
  2 leopard gecko zombies
  A quokka skeleton (D:7)
  A quokka zombie (D:7)
  7 rats
211 creatures vanquished.

Notes
Turn   | Place    | Note
-------+----------+-------------------------------------------
     0 | D:1      | anfisbena the Hill Orc Fighter began the quest for the Orb.
     0 | D:1      | Reached XP level 1. HP: 19/19 MP: 1/1
   102 | D:1      | Reached skill level 3 in Axes
   286 | D:1      | Reached XP level 2. HP: 25/27 MP: 2/2
   522 | D:1      | Reached XP level 3. HP: 31/33 MP: 3/3
   555 | D:1      | Reached skill level 4 in Axes
  1417 | D:2      | Reached XP level 4. HP: 41/41 MP: 4/4
  1906 | D:2      | Reached skill level 5 in Axes
  1926 | D:2      | Found a runed door.
  2174 | D:2      | Noticed Crazy Yiuf
  2178 | D:2      | Killed Crazy Yiuf
  2229 | D:3      | Reached XP level 5. HP: 47/47 MP: 5/5
  2502 | D:3      | Reached skill level 5 in Fighting
  2856 | D:3      | Reached skill level 6 in Axes
  3072 | D:4      | Reached XP level 6. HP: 45/57 MP: 6/6
  3321 | D:4      | Noticed zhorgal's ghost (amateur BaSu)
  3341 | D:4      | Killed zhorgal's ghost
  3341 | D:4      | Reached skill level 7 in Axes
  3598 | D:4      | Reached XP level 7. HP: 51/64 MP: 7/7
  3770 | D:4      | Reached skill level 8 in Axes
  4099 | D:5      | Entered Level 5 of the Dungeon
  4317 | D:5      | Reached skill level 9 in Axes
  4420 | D:5      | Reached XP level 8. HP: 43/73 MP: 8/8
  4663 | D:5      | Found a sparkling altar of Nemelex Xobeh.
  4940 | D:5      | Reached skill level 10 in Axes
  5122 | D:5      | Found a staircase to the Ecumenical Temple.
  5204 | Temple   | Entered the Ecumenical Temple
  5318 | Temple   | Became a worshipper of Uskayaw the Reveler
  5603 | D:5      | Reached * piety under Uskayaw
  5604 | D:5      | Reached ** piety under Uskayaw
  5605 | D:5      | Reached *** piety under Uskayaw
  5609 | D:5      | Reached **** piety under Uskayaw
  5917 | D:6      | Noticed a purple ugly thing
  5986 | D:6      | Killed a purple ugly thing
  5986 | D:6      | Reached skill level 11 in Axes
  5986 | D:6      | Reached XP level 9. HP: 30/83 MP: 9/9
  5993 | D:6      | Reached ***** piety under Uskayaw
  6322 | D:6      | Reached skill level 12 in Axes
  7102 | D:6      | Reached skill level 13 in Axes
  7128 | D:6      | Reached skill level 10 in Fighting
  7908 | D:6      | Reached XP level 10. HP: 93/93 MP: 10/10
  7962 | D:6      | Reached skill level 14 in Axes
  8727 | D:7      | Reached skill level 5 in Armour
  8924 | D:7      | Gained mutation: You are dopey. (Int -2) [mutagenic meat]
  8925 | D:7      | Gained mutation: Potions are less effective at restoring your health. [mutagenic meat]
  8926 | D:7      | Gained mutation: You occasionally shout uncontrollably at your foes. [mutagenic meat]
  8927 | D:7      | Gained mutation: You have supernaturally acute eyesight. (SInv) [mutagenic meat]
  9176 | D:7      | Reached skill level 15 in Axes
  9577 | D:7      | Gained mutation: You have a pair of small antennae on your head. [mutagenic meat]
  9578 | D:7      | Gained mutation: You are surrounded by a mild repulsion field. (EV +2) [mutagenic meat]
  9579 | D:7      | Gained mutation: You are clumsy. (Dex -2) [mutagenic meat]
  9850 | D:8      | Noticed a two-headed ogre
  9858 | D:8      | Killed a two-headed ogre
 10079 | D:8      | Gained mutation: You evolve. [mutagenic meat]
 10222 | D:8      | Noticed a two-headed ogre
 10231 | D:8      | Mangled by a two-headed ogre

Skill      XL: |  1  2  3  4  5  6  7  8  9 10 |
---------------+-------------------------------+-----
Axes           | 3 4 5 6 7 9 11 13 15 | 15.9
Fighting       | 4 5 6 7 9 10 | 10.0
Armour         | 4 7 |  7.0
Shields        | |  3.2

Action                   |  1- 3 |  4- 6 |  7- 9 | 10-12 || total
-------------------------+-------+-------+-------+-------++-------
Melee: War axe           |   110 |   185 |   312 |    42 ||   649
       Broad axe         |       |       |       |   185 ||   185
  Use: Potion            |     1 |       |     2 |     6 ||     9
       Scroll            |       |       |     2 |       ||     2
 Stab: Paralysed         |       |       |     7 |    11 ||    18
  Eat: Chunk             |     2 |     7 |    12 |    20 ||    41
       Royal jelly       |       |       |     1 |       ||     1
Armor: Scale mail        |    35 |    95 |    80 |    50 ||   260
Dodge: Dodged            |    24 |    65 |    72 |    44 ||   205
Block: Shield            |    50 |    96 |   116 |    81 ||   343
